 Dungeon Crawl Stone Soup version 0.31-a0-868-g674d60d6f7 (webtiles) character file.

Game seed: 15787847797379914618

9 Xavori the Trooper (level 2, -1/21 HPs)
             Began as an Octopode Chaos Knight on Oct 12, 2023.
             Was a Plaything of Xom.
             Slain by a goblin
             ... wielding a +0 dagger
              (3 damage)
             ... on level 1 of the Dungeon.
             The game lasted 00:00:15 (241 turns).

Xavori the Trooper (Octopode Chaos Knight)           Turns: 241, Time: 00:00:16

Health: -1/21      AC:  1    Str: 11    XL:     2   Next: 16%
Magic:  2/2        EV: 13    Int: 14    God:    Xom [..*...]
Gold:   0          SH:  0    Dex: 11    Spells: 1/1 levels left

rFire   . . .        a - +0 short sword (chaos)
rCold   . . .        (no shield)
rNeg    . . .        (helmet restricted)
rPois   .            (no amulet)
rElec   .            (no ring)
rCorr   .            (no ring)
SInv    .            (no ring)
Will    .....        (no ring)
Stlth   ++           (no ring)
HPRegen 0.23/turn    (no ring)
MPRegen 0.08/turn    (no ring)
                     (no ring)

%: no passive effects
@: no status effects
A: almost no armour, amphibious, 8 rings, camouflage 1, gelatinous body 1,
(nimble swimmer 1), tentacles
a: Renounce Religion


You were on level 1 of the Dungeon.
You worshipped Xom.
You were a toy of Xom.
You visited 1 branch of the dungeon, and saw 1 of its levels.

Inventory:

Hand Weapons
 a - a +0 short sword of chaos (weapon)
Scrolls
 b - a scroll of butterflies
 c - a scroll of immolation {unknown}
 d - a scroll of enchant weapon {unknown}
 e - a scroll of identify {unknown}
 f - a scroll of vulnerability {unknown}


   Skills:
 + Level 3.3 Fighting
 + Level 3.2 Short Blades
 + Level 2.4 Dodging


You had one spell level left.
You didn't know any spells.
Your spell library was empty.

Dungeon Overview and Level Annotations

Branches:
Dungeon (1/15)

Altars:


Innate Abilities, Weirdness & Mutations

You cannot wear most types of armour.
You are amphibious.
You can wear up to eight rings at the same time.
Your skin changes colour to match your surroundings (Stealth+).
Your rubbery body absorbs attacks. (AC +1, EV +1)
((You are camouflaged when in or above water. (Stealth+)))
You have tentacles for arms and can constrict up to eight enemies at once.


Message History

A goblin comes into view. It is wielding a +0 dagger.
The goblin shouts!
You hit the jackal.
You feel better.
You kill the jackal!
You recover from your berserk rage.
A goblin is nearby!
A goblin is nearby!
An endoplasm comes into view.
There are monsters nearby!
A ball python comes into view.
You see here 11 gold pieces.
You closely miss the goblin.
The ball python hisses angrily.
Your grab misses the goblin. The goblin completely misses you.
You hit the goblin but do no damage. Your grab misses the goblin.
The goblin hits you with a +0 dagger.
There are monsters nearby!
You hit the endoplasm.
The endoplasm is lightly wounded.
The endoplasm closely misses you. The goblin hits you with a +0 dagger.
There are monsters nearby!
You hit the endoplasm but do no damage.
The endoplasm is lightly wounded.
The endoplasm hits you. The goblin barely misses you.
The ball python closely misses you. The ball python grabs you.
The ball python constricts you.
There are monsters nearby!
You closely miss the ball python. Your grab misses the ball python.
The endoplasm freezes you.
You are frozen.
The goblin hits you with a +0 dagger. The ball python bites you.
* * * LOW HITPOINT WARNING * * *
The ball python constricts you.
* * * LOW HITPOINT WARNING * * *
Unknown command.
You escape the ball python's grasp.
The goblin attacks as it pursues you! The goblin hits you with a +0 dagger.
* * * LOW HITPOINT WARNING * * *
The goblin attacks as it pursues you! The goblin hits you with a +0 dagger.
You die...

##.##### #.#####.#
##......####.#####.#
#.....#..........#.#
##......####.###.#.#
#.####.##.## #.# ...
#.....[...# #.# #.#
######.#### #.. #.
##'## ##. ##.@.## .#
##.gSJ.## .#
##.......##
#....$....#
+.........+
#.........#
##.......##
##.....## ##...##


You could see an endoplasm, a goblin and a ball python.

Vanquished Creatures
  2 endoplasms (D:1)
  2 jackals (D:1)
  A quokka (D:1)
  A bat (D:1)
  2 frilled lizards (D:1)
  A rat (D:1)
9 creatures vanquished.

Notes
Turn   | Place    | Note
-------+----------+-------------------------------------------
     0 | D:1      | Xavori the Octopode Chaos Knight began the quest for the
                  | Orb.
     0 | D:1      | Reached XP level 1. HP: 16/16 MP: 1/1
    29 | D:1      | XOM: divination: detect creatures
   180 | D:1      | XOM: potion effect (berserk rage)
   182 | D:1      | Reached XP level 2. HP: 21/21 MP: 2/2
   241 | D:1      | Slain by a goblin

Illustrated notes

Levels and vault maps discovered:
D:1:      dpeg_arrival_houses_and_road, layout_loops_corners,
          corexii_corridor_pit, minmay_small_reverse_x

Action                     || total
---------------------------++-------
  Melee: Short sword       ||    20
         Constrict         ||     3
         Tentacles         ||     3
   Stab: Sleeping          ||     1
 Armour: Skin              ||    12
  Dodge: Dodged            ||    14

Table legend: (Time is in decaauts)
 A = Elapsed time spent in this place.
 B = Non-inter-level travel time spent in this place.
 C = Inter-level travel time spent in this place.
 D = Time resting spent in this place.
 E = Time spent auto-exploring this place.
 F = Levels seen in this place.
 G = Mean time per level.
                   A        B        C        D        E       F      G
               +--------+--------+--------+--------+--------+-----+--------+
         Total |    251 |    251 |      0 |     46 |    141 |   1 |  251.0 |
       Dungeon |    251 |    251 |      0 |     46 |    141 |   1 |  251.0 |
               +--------+--------+--------+--------+--------+-----+--------+

Top non-repeatable levels by time:
     D:1: 251 daAuts
